 Dungeon Crawl Stone Soup version 0.19.0-24-gb05acd6 (webtiles) character file.

194 patrickswayze the Sneak (level 5, -2/27 HPs)
             Began as a Deep Elf Chaos Knight on Nov 20, 2016.
             Slain by an iron imp (10 damage)
             ... summoned by Xom
             ... on level 3 of the Dungeon.
             The game lasted 00:03:14 (2678 turns).

patrickswayze the Sneak (Deep Elf Chaos Knight)     Turns: 2678, Time: 00:03:15

Health: -2/27      AC:  5    Str:  9    XL:     5   Next: 44%
Magic:  7/7        EV: 12    Int: 17    God:    Xom [.*....]
Gold:   121        SH:  0    Dex: 15    Spells: 0 memorised, 4 levels left

rFire  . . .     SeeInvis .     a - +0 short sword (chaos)
rCold  . . .     Gourm    +     b - +2 leather armour
rNeg   . . .     Faith    .     (no shield)
rPois  .         Spirit   .     (no helmet)
rElec  .         Reflect  .     (no cloak)
rCorr  .         Harm     .     (no gloves)
MR     .....                    (no boots)
Stlth  +++.......               n - amulet of the gourmand
                                (no ring)
                                (no ring)

@: no status effects
A: blurry vision 1, frail 1, sense surroundings 1
a: Renounce Religion


You were on level 3 of the Dungeon.
You worshipped Xom.
You were a plaything of Xom.
You were not hungry.

You visited 1 branch of the dungeon, and saw 3 of its levels.

You collected 121 gold pieces.


Innate Abilities, Weirdness & Mutations

Scrolls take you a little longer to read.
You are frail. (-10% HP)
You passively map a small area around you.


   Skills:
 - Level 2.4 Fighting
 - Level 3.0 Short Blades
 - Level 0.7 Armour
 - Level 2.4 Dodging
 + Level 7.0 Stealth


You had 4 spell levels left.
You didn't know any spells.

Inventory:

Hand Weapons
 a - a +0 short sword of chaos (weapon)
Missiles
 g - 39 stones (quivered)
Armour
 b - a +2 leather armour (worn)
Jewellery
 n - an amulet of the gourmand (around neck)
 o - an uncursed ring of fire
Scrolls
 e - a scroll of magic mapping {unknown}
 f - a scroll of immolation
 h - 3 scrolls of remove curse {unknown}
 l - a scroll of noise {unknown}
Potions
 d - a potion of magic
 p - a potion of invisibility {unknown}
Comestibles
 c - 2 bread rations
 i - a meat ration
 j - a beef jerky


Message History

You are now a plaything of Xom.
You see here an adder corpse.
You butcher the adder corpse.
The iron imp completely misses you.
Things that are here:
a chunk of flesh; an adder skeleton You hit the iron imp.
The iron imp convulses.
The iron imp is moderately wounded.
The iron imp closely misses you.
You hit the iron imp but do no damage.
The iron imp is moderately wounded.
The iron imp hits you.
You hit the iron imp but do no damage.
The iron imp is moderately wounded.
The iron imp hits you!
You hit the iron imp.
The iron imp is moderately wounded.
You hit the iron imp but do no damage.
The iron imp is moderately wounded.
The iron imp hits you!
You die...

#.#### #........[....#####
#.##.## #.#####...>...# *
#.#...## #.#####.###...#
#......# #.............#####
###...###########.....%...<..
##.###..%.......#####.#####
#.###...................##
#######.##......####.####.###.##
#...>...##....5@# #.# #.# #...
#.########......# #.####.###.##
#.# #.##.### #..........# #.# #.
#.# #####.##.### #.# # #.# #. #.
#.# * *#.##########. # #.#
....... ..#.##(# ##.## #.....#
#.#.##.#
#...##########.#.#.####.#.##.#


You could see an iron imp.

Vanquished Creatures
  An orc wizard (D:3)
  Ijyb (D:3)
  An iguana (D:2)
  5 adders
  An ooze (D:2)
  2 dart slugs (D:1)
  2 leopard geckos
  3 orcs (D:3)
  A ball python (D:1)
  4 bats
  3 giant cockroaches
  7 goblins
  5 hobgoblins
  6 frilled lizards
  9 kobolds
  7 rats
58 creatures vanquished.

Vanquished Creatures (others)
  A worm (D:2)
1 creature vanquished.

Grand Total: 59 creatures vanquished

Notes
Turn   | Place    | Note
-------+----------+-------------------------------------------
     0 | D:1      | patrickswayze the Deep Elf Chaos Knight began the quest for the Orb.
     0 | D:1      | Reached XP level 1. HP: 13/13 MP: 3/3
    53 | D:1      | Reached skill level 1 in Stealth
   107 | D:1      | Found a shimmering altar of Xom.
   122 | D:1      | Reached skill level 2 in Stealth
   162 | D:1      | Reached XP level 2. HP: 15/18 MP: 4/4
   317 | D:1      | Reached skill level 3 in Stealth
   700 | D:1      | Reached XP level 3. HP: 22/22 MP: 5/5
   713 | D:1      | XOM: harmless Fire miscast
  1110 | D:2      | Reached skill level 4 in Stealth
  1441 | D:2      | XOM: noise
  1539 | D:2      | XOM: summons 1 hostile demon
  1549 | D:2      | Gained mutation: You are frail. (-10% HP) [potion of mutation]
  1549 | D:2      | Gained mutation: Scrolls take you a little longer to read. [potion of mutation]
  1549 | D:2      | Gained mutation: You passively map a small area around you. [potion of mutation]
  1669 | D:2      | XOM: noise
  1890 | D:2      | Reached skill level 5 in Stealth
  1890 | D:2      | Reached XP level 4. HP: 15/24 MP: 6/6
  2148 | D:2      | XOM: polymorph adder -> iguana
  2344 | D:3      | Noticed Ijyb
  2350 | D:3      | Killed Ijyb
  2350 | D:3      | Reached skill level 6 in Stealth
  2376 | D:3      | Reached XP level 5. HP: 27/27 MP: 7/7
  2380 | D:3      | XOM: mild Summ miscast
  2562 | D:3      | XOM: 5-stop teleportation journey
  2585 | D:3      | XOM: 4-stop teleportation journey
  2671 | D:3      | Reached skill level 7 in Stealth
  2671 | D:3      | XOM: summons 1 hostile demon
  2678 | D:3      | Slain by an iron imp

Vault maps used:
D:1:      lemuel_arrival_funnel, xom_teletrap_fun
D:3:      uniq_iyjb

Action                   |  1- 3 |  4- 6 || total
-------------------------+-------+-------++-------
Melee: Short sword       |   132 |    74 ||   206
  Use: Potion            |     5 |       ||     5
       Scroll            |     3 |     1 ||     4
 Stab: Sleeping          |     7 |     3 ||    10
       Petrifying        |     1 |     2 ||     3
       Confused          |       |     1 ||     1
       Paralysed         |       |     1 ||     1
  Eat: Chunk             |     2 |     8 ||    10
Armor: Leather armour    |    35 |     5 ||    40
Dodge: Dodged            |    82 |    37 ||   119
